 Dungeon Crawl Stone Soup version 0.30-b1-2-g02819fbbbe (webtiles) character file.

Game seed: 2792685636581524973

1143 MisterFreud the Destroyer (level 8, -1/57 (58) HPs)
             Began as a Gnoll Wanderer on May 8, 2023.
             Was an Initiate of Yredelemnul.
             Succumbed to an orc's poison
             ... on level 4 of the Dungeon.
             The game lasted 00:11:13 (5819 turns).

MisterFreud the Destroyer (Gnoll Wanderer)          Turns: 5819, Time: 00:11:14

HP:   -1/57 (58)    AC:  8    Str: 16    XL:     8   Next: 37%
MP:   14/14         EV: 11    Int: 13    God:    Yredelemnul [......]
Gold: 137           SH:  5    Dex: 11    Spells: 11/15 levels left

rFire   . . .        e - +2 rapier (protect)
rCold   . . .        (no shield)
rNeg    . . .        c - +0 ring mail
rPois   .            (no helmet)
rElec   .            (no cloak)
rCorr   .            h - +0 pair of gloves
SInv    .            (no boots)
Will    .....        f - amulet of Umoy {Reflect Rampage Fly Str+3 SH+5}
Stlth   ++           (no ring)
HPRegen 0.29/turn    (no ring)
MPRegen 0.14/turn

%: reflection, rampage
@: lethally poisoned (-1 -> -23), flying, lightly drained
A: fangs 1, strong nose, distributed training
a: Renounce Religion, Recall Undead Harvest


You were on level 4 of the Dungeon.
You worshipped Yredelemnul.
Yredelemnul was noncommittal.
You visited 1 branch of the dungeon, and saw 5 of its levels.

You collected 137 gold pieces.

Inventory:

Hand Weapons
 a - a +0 club
 e - a +2 rapier of protection (weapon)
Missiles
 d - a boomerang of dispersal
 g - a boomerang
 j - 9 poisoned darts (quivered)
Armour
 c - a +0 ring mail (worn)
 h - a +0 pair of gloves (worn)
Jewellery
 f - the amulet of Umoy (around neck) {Reflect Rampage Fly Str+3 SH+5}
   (You acquired it on level 4 of the Dungeon)

   [amulet of reflection]

   It reflects blocked missile attacks.
   Str:       It affects your strength (+3).
   Fly:       It grants you flight.
   SH:        It affects your SH (+5).
   Rampage:   It bestows one free step when moving towards enemies.
 s - a +6 ring of dexterity
Wands
 l - a wand of roots (16)
 q - a wand of polymorph (11)
Scrolls
 i - 3 scrolls of identify
 m - 2 scrolls of blinking
 p - a scroll of poison {unknown}
Potions
 b - 4 potions of attraction
 k - 2 potions of flight
 n - a potion of degeneration
 o - a potion of might {unknown}
 r - 2 potions of heal wounds


   Skills:
 + Level 3.3 Fighting
 + Level 3.3 Short Blades
 + Level 3.3 Long Blades
 + Level 3.3 Axes
 + Level 3.3 Maces & Flails
 + Level 3.3 Polearms
 + Level 3.3 Staves
 + Level 3.3 Ranged Weapons
 + Level 3.3 Throwing
 + Level 7.4 Armour
 + Level 3.3 Dodging
 + Level 3.3 Stealth
 + Level 3.3 Shields
 + Level 3.3 Unarmed Combat
 + Level 4.4 Spellcasting
 + Level 9.2 Conjurations
 + Level 2.7 Hexes
 + Level 2.7 Summonings
 + Level 2.7 Necromancy
 + Level 2.7 Translocations
 + Level 2.7 Transmutations
 + Level 3.5 Fire Magic
 + Level 2.7 Ice Magic
 + Level 2.7 Air Magic
 + Level 2.7 Earth Magic
 + Level 2.7 Poison Magic
 + Level 3.7 Invocations
 + Level 3.3 Evocations


You had 11 spell levels left.
You knew the following spells:

 Your Spells              Type           Power      Damage    Failure   Level
a - Foxfire               Conj/Fire      76%        2x1d7     2%          1
b - Mephitic Cloud        Conj/Pois/Air  15%        N/A       14%         3

Your spell library contained the following spells:

 Spells                   Type           Power      Damage    Failure   Level
 Magic Dart               Conj           100%       1d8       1%          1
 Searing Ray              Conj           52%        2d6       1%          2
 Shock                    Conj/Air       72%        1d7       3%          1
 Fulminant Prism          Conj/Hex       9%         3d7       28%         4
 Ignite Poison            Fire/Tmut/Pois 10%        N/A       30%         3


Dungeon Overview and Level Annotations

Branches:
Dungeon (5/15)
 Temple: D:4-7

Altars:
Fedhas
Okawaru
Yredelemnul
Zin

Annotations:
D:5 Grinder


Innate Abilities, Weirdness & Mutations

You have very sharp teeth.
Your uncanny sense of smell can sniff out nearby items.
Your experience applies equally to all skills.


Message History

You hit the gnoll.
You kill the gnoll!
The dead are walking!
The gnoll hits your gnoll zombie with a +0 flail!
The gnoll hits your gnoll zombie with a +0 flail.
Your gnoll zombie barely misses the gnoll.
The gnoll hits your gnoll zombie with a +0 flail.
The gnoll hits your gnoll zombie with a +0 flail.
Your gnoll zombie is destroyed!
You see here a +6 ring of dexterity.
s - a +6 ring of dexterity
Found a scroll labelled ANIT VEIHYU.
An orc comes into view. It is wielding a +0 dagger.
The orc moves out of view.
An orc comes into view. It is wielding a +1 trident of venom.
The orc priest shouts!
You hear a shout!
An orc comes into view. It is wielding a +0 mace.
The orc shouts!
The orc closely misses you. The orc hits you but does no damage.
You are poisoned.
The orc priest invokes the aid of Beogh against you.
Pain shoots through your body!
You feel very sick.
The orc hits you from afar with a +1 trident of venom.
* * * LOW HITPOINT WARNING * * *
You are lethally poisoned!
* * * LOW HITPOINT WARNING * * *
You feel very sick.
There is a stone staircase leading up here.
* * * LOW HITPOINT WARNING * * *
You feel very sick.
The orc hits you from afar with a +1 trident of venom.
* * * LOW HITPOINT WARNING * * *
You are more poisoned.
The orc priest hits you with a +0 dagger.
* * * LOW HITPOINT WARNING * * *
You fly upwards.
You die...
Your body rises from the dead as a mindless zombie.

##################
ZZZ...ZZZ...(...@#
############.###o#
#.# #.# #.# #.#
############.# #.#
Z.ZZ.Z.......# #.#
############## #.#
##### #.# ###
#...# #.#


You could see an orc priest.

Vanquished Creatures
  Eustachio (D:3)
  Edmund (D:5)
  3 black bears (D:4)
  A scorpion (D:4)
  A hound (D:4)
  3 orc priests (D:4)
  3 iguanas
  A sleepcap (D:5)
  5 orc wizards
  5 gnolls
  2 adders
  3 worms
  2 dart slugs
  16 orcs
  4 endoplasms
  A giant cockroach (D:1)
  10 goblins
  7 hobgoblins
  9 jackals
  8 kobolds
  2 quokkas
  5 ball pythons
  A bat (D:1)
  3 frilled lizards
  5 rats
102 creatures vanquished.

Vanquished Creatures (collateral kills)
  Robin (D:2)
  An adder (D:4)
  An orc (D:4)
  An endoplasm (D:2)
  A giant cockroach (D:4)
  6 goblins (D:2)
  A hobgoblin (D:2)
  A jackal (D:2)
  A foxfire (D:2)
14 creatures vanquished.

Vanquished Creatures (others)
  A gnoll zombie (D:5)
  An endoplasm zombie (D:2)
  2 frilled lizard zombies (D:2)
  6 goblin zombies
  3 hobgoblin zombies (D:2)
  3 jackal zombies (D:2)
  A kobold zombie (D:2)
  6 orc zombies
  2 quokka zombies (D:2)
  115 foxfires
  3 fungi (D:2)
  2 plants (D:2)
145 creatures vanquished.

Grand Total: 261 creatures vanquished

Notes
Turn   | Place    | Note
-------+----------+-------------------------------------------
     0 | D:1      | MisterFreud the Gnoll Wanderer began the quest for the Orb.
     0 | D:1      | MisterFreud set off with the following items: a +0 club, a
                  | potion of attraction, a +0 ring mail; and the following
                  | spells available to memorise: Foxfire, Shock, Mephitic
                  | Cloud, Ignite Poison.
     0 | D:1      | Reached XP level 1. HP: 13/13 MP: 4/4
    10 | D:1      | Noticed a minotaur zombie
    16 | D:1      | Noticed a demonspawn zombie
    35 | D:1      | Learned a level 1 spell: Foxfire
   106 | D:1      | Reached XP level 2. HP: 19/19 MP: 2/5
   831 | D:2      | Reached XP level 3. HP: 25/25 MP: 2/7
  1007 | D:2      | Found a faded altar of an unknown god.
  1020 | D:2      | Prayed at the altar of an unknown god.
  1020 | D:2      | Became a worshipper of Yredelemnul the Dark
  1020 | D:2      | Reached * piety under Yredelemnul
  1137 | D:2      | Reached skill level 1 in Invocations
  1316 | D:2      | Noticed Robin
  1349 | D:2      | Reached skill level 1 in Fighting
  1349 | D:2      | Reached skill level 1 in Short Blades
  1349 | D:2      | Reached skill level 1 in Long Blades
  1349 | D:2      | Reached skill level 1 in Axes
  1349 | D:2      | Reached skill level 1 in Maces & Flails
  1349 | D:2      | Reached skill level 1 in Polearms
  1349 | D:2      | Reached skill level 1 in Staves
  1349 | D:2      | Reached skill level 1 in Ranged Weapons
  1349 | D:2      | Reached skill level 1 in Throwing
  1349 | D:2      | Reached skill level 1 in Dodging
  1349 | D:2      | Reached skill level 1 in Stealth
  1349 | D:2      | Reached skill level 1 in Shields
  1349 | D:2      | Reached skill level 1 in Unarmed Combat
  1349 | D:2      | Reached skill level 1 in Evocations
  1389 | D:2      | Killed Robin
  1390 | D:2      | Reached XP level 4. HP: 32/32 MP: 4/8
  1800 | D:2      | Learned a level 3 spell: Mephitic Cloud
  1865 | D:2      | Reached skill level 1 in Hexes
  1865 | D:2      | Reached skill level 1 in Summonings
  1865 | D:2      | Reached skill level 1 in Necromancy
  1865 | D:2      | Reached skill level 1 in Translocations
  1865 | D:2      | Reached skill level 1 in Transmutations
  1865 | D:2      | Reached skill level 1 in Ice Magic
  1865 | D:2      | Reached skill level 1 in Air Magic
  1865 | D:2      | Reached skill level 1 in Earth Magic
  1865 | D:2      | Reached skill level 1 in Poison Magic
  2254 | D:3      | Reached XP level 5. HP: 23/37 MP: 3/9
  2372 | D:3      | Found a blossoming altar of Fedhas.
  2545 | D:3      | Found an iron altar of Okawaru.
  2836 | D:4      | Noticed a black bear
  2885 | D:4      | Noticed Eustachio
  3020 | D:3      | Killed Eustachio
  3021 | D:3      | Reached XP level 6. HP: 25/44 MP: 7/11
  3416 | D:4      | Killed a black bear
  3417 | D:4      | Reached skill level 9 in Conjurations
  3441 | D:4      | Reached XP level 7. HP: 48/50 MP: 12/12
  3912 | D:4      | Reached ** piety under Yredelemnul
  4397 | D:4      | Identified a scroll of acquirement
  4397 | D:4      | Acquired the amulet of Umoy {Reflect Rampage Fly Str+3
                  | SH+5}
  4466 | D:5      | Entered Level 5 of the Dungeon
  4475 | D:5      | Noticed Edmund
  4711 | D:4      | Reached XP level 8. HP: 41/58 MP: 14/14
  4800 | D:5      | HP: 2/44 [Edmund/+1 dire flail of draining (1)]
  4818 | D:5      | Found a glowing silver altar of Zin.
  4985 | D:5      | Killed Edmund
  5779 | D:5      | Noticed Grinder
  5819 | D:4      | Succumbed to an orc's poison

Illustrated notes

Levels and vault maps discovered:
D:1:      shiori_arrival_whats_in_store_for_you, layout_loops_ring
D:2:      layout_basic, shapermc_ecumenical_altar_mp_urbaneastern,
          minmay_pentomino_q4, uniq_robin
D:3:      cheibrodos_helix_gallery, layout_basic, fedhas_ov_isle_minmay,
          mainiacjoe_overflow_tiny_flanked
D:4:      layout_basic, uniq_eustachio
D:5:      layout_loops_cross, pf_just_have_faith, uniq_edmund, uniq_grinder

Skill      XL: |  1  2  3  4  5  6  7 |
---------------+----------------------+-----
Fire Magic     | 2 3 |  3.5
Invocations    | 1 2 3 |  3.7
Fighting       | 1 2 3 |  3.3
Short Blades   | 1 2 3 |  3.3
Long Blades    | 1 2 3 |  3.3
Axes           | 1 2 3 |  3.3
Maces & Flails | 1 2 3 |  3.3
Polearms       | 1 2 3 |  3.3
Staves         | 1 2 3 |  3.3
Ranged Weapons | 1 2 3 |  3.3
Throwing       | 1 2 3 |  3.3
Dodging        | 1 2 3 |  3.3
Stealth        | 1 2 3 |  3.3
Shields        | 1 2 3 |  3.3
Unarmed Combat | 1 2 3 |  3.3
Evocations     | 1 2 3 |  3.3
Spellcasting   | 3 4 |  4.4
Hexes          | 1 2 |  2.7
Summonings     | 1 2 |  2.7
Necromancy     | 1 2 |  2.7
Translocations | 1 2 |  2.7
Transmutations | 1 2 |  2.7
Ice Magic      | 1 2 |  2.7
Air Magic      | 1 2 |  2.7
Earth Magic    | 1 2 |  2.7
Poison Magic   | 1 2 |  2.7
Conjurations   | 9 |  9.2
Armour         | 7 |  7.4

Action                     |  1- 3 |  4- 6 |  7- 9 || total
---------------------------+-------+-------+-------++-------
  Melee: Club              |    85 |    78 |       ||   163
         Punch             |     1 |     1 |     7 ||     9
         Bite              |     3 |    22 |    31 ||    56
         Rapier            |       |    55 |   234 ||   289
  Throw: Dart              |       |       |     7 ||     7
   Cast: Foxfire           |    36 |    42 |     2 ||    80
         Mephitic Cloud    |       |     2 |     1 ||     3
  Evoke: Wand              |       |       |     1 ||     1
    Use: Scroll            |       |     1 |    10 ||    11
         Potion            |       |       |     2 ||     2
   Stab: Confused          |       |     2 |       ||     2
         Distracted        |       |       |     1 ||     1
 Armour: Ring mail         |    48 |    58 |   144 ||   250
  Dodge: Dodged            |    64 |   102 |   150 ||   316
  Block: Other             |       |       |    40 ||    40
         Reflection        |       |       |     4 ||     4
